 Dungeon Crawl Stone Soup version 0.30-a0-373-gd37427bb62 (webtiles) character file.

Game seed: 5865188932902878324

2 qeuew the Trooper (level 1, 0/18 HPs)
             Began as a Demonspawn Monk on Nov 24, 2022.
             Slain by a goblin
             ... wielding a +0 dagger
              (2 damage)
             ... on level 1 of the Dungeon.
             The game lasted 00:00:17 (36 turns).

qeuew the Trooper (Demonspawn Monk)                   Turns: 36, Time: 00:00:17

Health: 0/18       AC:  2    Str: 11    XL:     1   Next: 25%
Magic:  1/1        EV: 13    Int: 11    God:
Gold:   12         SH:  0    Dex: 15    Spells: 0/0 levels left

rFire   . . .      SeeInvis .    a - +0 hand axe
rCold   . . .      Faith    .    (no shield)
rNeg    . . .      Spirit   .    b - +0 robe
rPois   .          Reflect  .    (no helmet)
rElec   .          Harm     .    (no cloak)
rCorr   .          Rampage  .    (no gloves)
Will    .....                    (no boots)
Stlth   ++........               (no amulet)
HPRegen 0.23/turn                (no ring)
MPRegen 0.07/turn                (no ring)

@: no status effects
A: no striking features
a: no special abilities


You were on level 1 of the Dungeon.
You visited 1 branch of the dungeon, and saw 1 of its levels.

You collected 12 gold pieces.

Inventory:

Hand Weapons
 a - a +0 hand axe (weapon)
Armour
 b - a +0 robe (worn)
Potions
 c - a potion of ambrosia


   Skills:
 + Level 3.0 Fighting
 + Level 2.7 Axes
 + Level 0.1 Armour
 + Level 2.7 Dodging
 - Level 1.7 Stealth


You couldn't memorise any spells.
You didn't know any spells.
Your spell library was empty.

Dungeon Overview and Level Annotations

Branches:
Dungeon (1/15)

Altars:


Message History

A frilled lizard comes into view.
The helpless endoplasm fails to defend itself.
You hit the endoplasm.
The endoplasm is moderately wounded.
The endoplasm freezes you.
You are frozen.
The endoplasm freezes you.
You are frozen.
You hit the giant cockroach.
The giant cockroach is moderately wounded.
You hit the endoplasm but do no damage.
The goblin shouts!
The frilled lizard hisses angrily.
The giant cockroach misses you. The endoplasm freezes you.
You are frozen.
The endoplasm hits you.
* * * LOW HITPOINT WARNING * * *
The giant cockroach bites you.
* * * LOW HITPOINT WARNING * * *
The giant cockroach completely misses you.
You hit the endoplasm.
You kill the endoplasm!
You hit the giant cockroach but do no damage.
The giant cockroach bites you.
* * * LOW HITPOINT WARNING * * *
Unknown command.
You hit the goblin but do no damage. You hit the giant cockroach.
The giant cockroach barely misses you. The goblin barely misses you.
You miss the goblin.
You completely miss the giant cockroach.
The giant cockroach closely misses you. The goblin closely misses you.
The giant cockroach barely misses you.
You hit the goblin.
The goblin is moderately wounded.
You hit the giant cockroach.
You kill the giant cockroach!
The goblin hits you with a +0 dagger.
* * * LOW HITPOINT WARNING * * *
The goblin hits you with a +0 dagger.
You die...

. .. ## .... ...###. #..
....... #.###
.......########...# #
#..g@.#.......# .##
###..l#.#.......###...
#..........(....#.....
#......................
#...?....>..............
#.[...........[.........
#.......................
#.......................
#..........!...♣♣♣♣♣♣♣♣♣


You could see a goblin and a frilled lizard.

Vanquished Creatures
  An endoplasm (D:1)
  A giant cockroach (D:1)
  A bat (D:1)
3 creatures vanquished.

Notes
Turn   | Place    | Note
-------+----------+-------------------------------------------
     0 | D:1      | qeuew the Demonspawn Monk began the quest for the Orb.
     0 | D:1      | Reached XP level 1. HP: 18/18 MP: 1/1
    36 | D:1      | Slain by a goblin

Illustrated notes

Levels and vault maps discovered:
D:1:      scummos_arrival_checkerplants, layout_rooms, serial_shops, shop,
          ebering_ecumenical_altar_webs

Action                   || total
-------------------------++-------
Melee: Hand axe          ||    11
 Stab: Sleeping          ||     1
Armor: Robe              ||     3
Dodge: Dodged            ||    12

Table legend: (Time is in decaauts)
 A = Elapsed time spent in this place.
 B = Non-inter-level travel time spent in this place.
 C = Inter-level travel time spent in this place.
 D = Time resting spent in this place.
 E = Time spent auto-exploring this place.
 F = Levels seen in this place.
 G = Mean time per level.
                   A        B        C        D        E       F      G
               +--------+--------+--------+--------+--------+-----+--------+
         Total |     37 |     37 |      0 |      0 |      9 |   1 |   37.0 |
       Dungeon |     37 |     37 |      0 |      0 |      9 |   1 |   37.0 |
               +--------+--------+--------+--------+--------+-----+--------+

Top non-repeatable levels by time:
     D:1: 37 daAuts
